 Dungeon Crawl Stone Soup version 0.27.1-2-g3b301248ec (webtiles) character file.

Game seed: 12818425572157064048

4886 raph the Arsonist (level 10, -30/50 HPs)
             Began as a Deep Elf Fire Elementalist on Sept 26, 2021.
             Was a Believer of Hepliaklqana.
             Hit by a large rock thrown by a cyclops (47 damage)
             ... on level 8 of the Dungeon.
             The game lasted 00:19:10 (9268 turns).

raph the Arsonist (Deep Elf Fire Elementalist)      Turns: 9268, Time: 00:19:11

Health: -30/50     AC:  7    Str:  8    XL:     10   Next: 26%
Magic:  12/21      EV: 13    Int: 27    God:    Hepliaklqana [**....]
Gold:   379        SH:  0    Dex: 15    Spells: 3/21 levels left

rFire    . . .     SeeInvis .   a - +3 dagger (elec)
rCold    + . .     Faith    .   (no shield)
rNeg     . . .     Spirit   .   d - +0 leather armour {rC+}
rPois    .         Reflect  .   y - +1 helmet
rElec    .         Harm     .   o - +1 cloak
rCorr    .         Rampage  .   (no gloves)
Will     +....                  (no boots)
Stlth    +++.......             g - amulet of regeneration
HPRegen  1.16/turn              c - +6 ring of intelligence
MPRegen  0.17/turn              A - +4 ring of slaying

@: no status effects
A: reduced essence
a: Renounce Religion, Recall Ancestor, Ancestor Identity


You were on level 8 of the Dungeon.
You worshipped Hepliaklqana.
Hepliaklqana was pleased with you.
You visited 1 branch of the dungeon, and saw 8 of its levels.

You collected 379 gold pieces.

Inventory:

Hand Weapons
 a - a +3 dagger of electrocution (weapon)
 e - a +0 short sword
 l - a +0 shortbow
 B - a +0 quick blade
Missiles
 f - 30 poisoned darts (quivered)
 p - 153 arrows
 q - a throwing net
Armour
 d - a +0 leather armour of cold resistance (worn)
 k - a +0 helmet
 o - a +1 cloak (worn)
 y - a +1 helmet (worn)
Magical Staves
 b - a staff of earth
Jewellery
 c - a +6 ring of intelligence (left hand)
 g - an amulet of regeneration (around neck)
 r - an amulet of reflection
 A - a +4 ring of slaying (right hand)
Wands
 i - a wand of paralysis (15)
 w - a wand of mindburst (16)
 D - a wand of charming (4)
 E - a wand of digging (8)
Scrolls
 m - 2 scrolls of holy word
 u - 4 scrolls of identify
Potions
 h - 2 potions of heal wounds
 j - a potion of mutation
 n - 2 potions of lignification
 s - a potion of might {unknown}
 v - 3 potions of curing {unknown}
 x - a potion of brilliance
 z - a potion of magic {unknown}
 C - a potion of attraction {unknown}


   Skills:
 + Level 3.0 Fighting
 + Level 2.8 Armour
 + Level 5.3 Dodging
 + Level 4.8 Stealth
 + Level 6.0 Spellcasting
 * Level 9.7 Conjurations
 * Level 10.2 Fire Magic


You had 3 spell levels left.
You knew the following spells:

 Your Spells              Type           Power      Damage    Failure   Level
a - Foxfire               Conj/Fire      100%       2x1d9     1%          1
b - Conjure Flame         Conj/Fire      58%        6-21      1%          3
c - Sticky Flame          Conj/Fire      58%        2d7       1%          4
d - Fireball              Conj/Fire      29%        3d13      4%          5
e - Stone Arrow           Conj/Erth      68%        3d11      3%          3
f - Corona                Hex            8%         N/A       9%          1
g - Animate Skeleton      Necr           16%        N/A       9%          1

Your spell library contained the following spells:

 Spells                   Type           Power      Damage    Failure   Level
 Inner Flame              Hex/Fire       35%        N/A       3%          3
 Ignite Poison            Fire/Tmut/Pois 26%        N/A       7%          3
 Apportation              Tloc           16%        N/A       9%          1
 Summon Small Mammal      Summ           32%        N/A       9%          1
 Bolt of Magma            Conj/Fire/Erth 22%        4d11      16%         5
 Fire Storm               Conj/Fire      29%        8d7       100%        9
 Shatter                  Erth           4%         3d7*      100%        9


Dungeon Overview and Level Annotations

Branches:
Dungeon (8/15)             Temple (0/1) D:7
   Lair: D:8-11

Altars:
Ashenzari
Fedhas
Hepliaklqana
Makhleb
Nemelex Xobeh
Okawaru
Sif Muna
Uskayaw
Zin


Message History

Aim: a centaur warrior, quivering arrows (moderately wounded, 100% to hit)
The sticky flame hits the centaur warrior.
The centaur warrior is moderately wounded.
The centaur warrior is covered in liquid flames!
The centaur warrior burns!
The centaur warrior hits you!
The centaur warrior kicks you but does no damage.
You hit the centaur warrior.
The centaur warrior is heavily wounded.
The centaur warrior burns!
The centaur warrior misses you.
The centaur warrior kicks you but does no damage.
The centaur warrior hits you.
The centaur warrior kicks you but does no damage.
You hit the centaur warrior but do no damage.
Lightning courses through the centaur warrior!
The centaur warrior is almost dead.
The centaur warrior burns!
You kill the centaur warrior!
Your Fighting skill increases to level 3!
Your Spellcasting skill increases to level 6!
Things that are here:
a +0 longbow; 33 arrows
As you read the scroll of teleportation, it crumbles to dust.
You feel strangely unstable. The eight-headed hydra misses you.
The eight-headed hydra barely misses you.
The eight-headed hydra bites you. x4; The eight-headed hydra bites you!
* * * LOW HITPOINT WARNING * * *
The eight-headed hydra bites you but does no damage.
An orc warrior comes into view. It is wielding a +0 scimitar.
Okay, then.
Your surroundings suddenly seem different.
A komodo dragon, an orb spider and 3 cyclopes come into view.
Found four items.
An orc comes into view. It is wielding a +0 flail.
The komodo dragon moves out of view.
Okay, then.
Okay, then.
Found 15 poisoned darts.
The cyclops throws a large rock.
The large rock hits you!!!
Ouch! That really hurt!
You die...

#...#..#....## #.. ##.....#
##..##.#...## .....###..#.#.#
.##..#.#..## #( .##......#.# .
##.....## .. o #....##.# #
###### ###. ##.##.#.##.# #.#.
[#.#" .#.#....#
#.##C##...##o##......##
######.#.....#....s#.......#
#......# #..@# #..(....#
##...#..# #=#.#|# #.......#
#....##.## # #C### ##.......#
#....##..## ... ##........#
#...)##...##.#.# ##.........#
##....##.#..#######..##......#
..........#.........#######+##
#######.#############
#.............[.###


You could see 2 cyclopes, an orb spider (wandering) and an orc (wandering).

Vanquished Creatures
  A centaur warrior (D:8)
  Joseph (D:7)
  Grinder (D:3)
  A wyvern (D:7)
  2 steam dragons (D:6)
  An orc warrior (D:6)
  A black bear (D:4)
  An ice beast (D:5)
  2 necrophages
  4 centaurs
  4 ogres
  A bullfrog (D:8)
  3 water moccasin skeletons
  14 killer bees
  A howler monkey (D:6)
  3 centaur zombies
  A hound (D:5)
  A bullfrog zombie (D:6)
  Crazy Yiuf (D:2)
  3 orc priests
  Jessica (D:3)
  A bullfrog skeleton (D:5)
  Ijyb (D:3)
  2 iguanas
  3 orc wizards
  A hound zombie (D:5)
  Robin (D:2)
  4 adders
  3 dart slugs
  21 orcs
  2 ball pythons (D:4)
  9 bats
  3 endoplasms
  2 giant cockroaches
  14 goblins
  8 hobgoblins
  4 jackals (D:5)
  4 quokkas
  6 frilled lizards
  A kobold (D:1)
  3 rats
141 creatures vanquished.

Vanquished Creatures (collateral kills)
  A wyvern (D:8)
  A steam dragon (D:8)
  A water moccasin (D:8)
  An ogre (D:5)
  2 wyvern zombies
  A killer bee (D:8)
  2 orc priests
  A jelly (D:6)
  2 orc wizards
  An orc (D:6)
13 creatures vanquished.

Vanquished Creatures (others)
  2 knights
  3 ancestors
  505 foxfires
  3 fungi (D:6)
  2 plants (D:2)
515 creatures vanquished.

Grand Total: 669 creatures vanquished

Notes
Turn   | Place    | Note
-------+----------+-------------------------------------------
     0 | D:1      | raph the Deep Elf Fire Elementalist began the quest for the
                  | Orb.
     0 | D:1      | Reached XP level 1. HP: 10/10 MP: 6/6
   164 | D:1      | Reached XP level 2. HP: 15/15 MP: 5/8
   189 | D:1      | Found a faded altar of an unknown god.
   772 | D:2      | Noticed Robin
   779 | D:2      | Killed Robin
   780 | D:2      | Reached XP level 3. HP: 20/20 MP: 2/9
  1072 | D:2      | Reached skill level 4 in Fire Magic
  1078 | D:2      | Learned a level 3 spell: Conjure Flame
  1185 | D:2      | Reached XP level 4. HP: 24/24 MP: 9/11
  1210 | D:2      | Learned a level 4 spell: Sticky Flame
  1556 | D:2      | Got the Collected Works on the Arsonist
  1761 | D:2      | Found a runed translucent door.
  1762 | D:2      | Noticed Crazy Yiuf
  1769 | D:2      | Killed Crazy Yiuf
  1770 | D:2      | Reached skill level 1 in Fighting
  2235 | D:3      | Noticed Jessica
  2240 | D:3      | Killed Jessica
  2266 | D:3      | Noticed Ijyb
  2268 | D:3      | Noticed Grinder
  2276 | D:3      | Killed Ijyb
  2277 | D:3      | Reached XP level 5. HP: 29/29 MP: 6/12
  2477 | D:3      | Killed Grinder
  2478 | D:3      | Reached skill level 1 in Armour
  2478 | D:3      | Reached XP level 6. HP: 34/34 MP: 2/14
  2574 | D:3      | Learned a level 5 spell: Fireball
  2933 | D:3      | Reached skill level 5 in Fire Magic
  3792 | D:4      | Found a hazy altar of Hepliaklqana.
  3813 | D:4      | Became a worshipper of Hepliaklqana the Forgotten
  3983 | D:4      | Reached XP level 7. HP: 38/38 MP: 10/15
  4405 | D:4      | Reached skill level 5 in Conjurations
  4405 | D:4      | Reached skill level 6 in Fire Magic
  4497 | D:5      | Entered Level 5 of the Dungeon
  4832 | D:5      | Found an iron altar of Okawaru.
  4881 | D:5      | Reached skill level 7 in Fire Magic
  4881 | D:5      | Reached XP level 8. HP: 43/43 MP: 5/16
  5355 | D:5      | Reached * piety under Hepliaklqana
  5784 | D:5      | Reached skill level 8 in Fire Magic
  5843 | D:5      | Found a shimmering blue altar of Sif Muna.
  6321 | D:6      | Found a burning altar of Makhleb.
  6324 | D:6      | Found a sparkling altar of Nemelex Xobeh.
  6359 | D:6      | Reached skill level 9 in Fire Magic
  6434 | D:6      | Found a hide-covered altar of Uskayaw.
  6440 | D:6      | Found a broken altar of Ashenzari.
  6440 | D:6      | Found a blossoming altar of Fedhas.
  6441 | D:6      | Found a glowing silver altar of Zin.
  6482 | D:6      | Reached XP level 9. HP: 43/43 MP: 7/17
  6606 | D:6      | Learned a level 3 spell: Stone Arrow
  7498 | D:7      | Reached ** piety under Hepliaklqana
  7499 | D:7      | Remembered your ancestor Xochitl as a knight
  7512 | D:7      | Found a staircase to the Ecumenical Temple.
  7908 | D:7      | Noticed Joseph
  7920 | D:7      | Killed Joseph
  7921 | D:7      | Reached skill level 5 in Spellcasting
  8592 | D:7      | Learned a level 1 spell: Corona
  8594 | D:7      | Learned a level 1 spell: Animate Skeleton
  8806 | D:8      | Reached skill level 5 in Dodging
  8855 | D:8      | Reached skill level 10 in Fire Magic
  8856 | D:8      | Reached XP level 10. HP: 34/48 MP: 10/20
  9249 | D:8      | Noticed a centaur warrior
  9255 | D:8      | Noticed an eight-headed hydra
  9261 | D:8      | Killed a centaur warrior
  9267 | D:8      | Noticed an orb spider
  9267 | D:8      | Noticed a cyclops
  9267 | D:8      | Noticed a cyclops
  9267 | D:8      | Noticed a cyclops
  9268 | D:8      | Found the +4 dagger "Morg" {pain, Will+ Int+5}
  9268 | D:8      | Hit by a large rock thrown by a cyclops

Illustrated notes

Levels and vault maps discovered:
D:1:      ncdulo_wetmaze, layout_rooms, basic_ecumenical_altar, minmay_3d_cube
D:2:      layout_loops_corners, serial_forest, infiniplex_forest_end_1,
          infiniplex_forest_clump_curved, infiniplex_forest_lined_room_,
          infiniplex_forest_end_2, kennysheep_flooded_box, chequers_garden,
          uniq_crazy_yiuf_cottage, uniq_robin
D:3:      minmay_wonky_spiral, layout_loops_corners, st_stairs_4,
          roderic_lattice_a, uniq_ijyb, uniq_grinder, uniq_jessica
D:4:      layout_basic, mainiacjoe_overflow_paths, serial_park_tiny_1,
          st_stairs_11
D:5:      layout_gridville, mainiacjoe_overflow_24_doors, led_sif_pool,
          st_stairs_1, minmay_fountain_box, minmay_crystal_room, minivault_5
D:6:      layout_cave_pools, mainiacjoe_overflow_concentric_impassable,
          grunt_temple_overflow_open, mainiacjoe_overflow_boulevard,
          grunt_decor_resistance
D:7:      layout_basic, minmay_temple_entry_large_hall, uniq_joseph
D:8:      minmay_the_grid_octo_triangle [minmay_the_grid_octo_concentric,
          minmay_the_grid_octo_prize_square_snowflake,
          minmay_the_grid_octo_tetromino_candy], layout_basic

Skill      XL: |  1  2  3  4  5  6  7  8  9 10 |
---------------+-------------------------------+-----
Conjurations   | 2 3 4 6 8 9 |  9.7
Dodging        | 3 5 |  5.3
Fire Magic     | 4 5 7 9 10 | 10.2
Fighting       | 1 2 3 |  3.0
Armour         | 1 2 |  2.8
Spellcasting   | 4 5 6 |  6.0
Stealth        | 4 |  4.8

Action                   |  1- 3 |  4- 6 |  7- 9 | 10-12 || total
-------------------------+-------+-------+-------+-------++-------
Melee: Short sword       |    38 |     4 |       |       ||    42
       Dagger            |       |     1 |    28 |     5 ||    34
Throw: Dart              |    13 |       |       |       ||    13
 Cast: Foxfire           |    53 |    57 |   163 |    13 ||   286
       Sticky Flame      |       |     4 |    14 |     1 ||    19
       Conjure Flame     |       |     3 |     7 |     3 ||    13
       Fireball          |       |       |     8 |     1 ||     9
       Stone Arrow       |       |       |     3 |     1 ||     4
       Animate Skeleton  |       |       |     1 |       ||     1
Invok: Ancestor Life: Kn |       |       |     1 |       ||     1
  Use: Scroll            |       |    10 |     7 |     1 ||    18
       Potion            |       |       |       |     1 ||     1
 Stab: Sleeping          |       |     1 |     1 |       ||     2
       Distracted        |       |       |     1 |       ||     1
Armor: Leather armour    |    25 |     7 |    25 |     8 ||    65
       Robe              |     1 |       |       |       ||     1
Dodge: Dodged            |    43 |    12 |    59 |     8 ||   122
